 Dungeon Crawl Stone Soup version 0.29-a0-323-g050149af67 (webtiles) character file.

Game seed: 16129620838999237585

7 Jortsu the Skirmisher (level 1, 17/18 HPs)
             Began as a Demonspawn Fighter on Apr 12, 2022.
             Was a Follower of Kikubaaqudgha.
             Quit the game on level 1 of the Dungeon.
             The game lasted 00:00:25 (224 turns).

Jortsu the Skirmisher (Demonspawn Fighter)           Turns: 224, Time: 00:00:26

Health: 17/18      AC:  6    Str: 16    XL:     1   Next: 83%
Magic:  1/1        EV:  8    Int:  9    God:    Kikubaaqudgha [*.....]
Gold:   15         SH:  4    Dex: 12    Spells: 0/0 levels left

rFire   . . .      SeeInvis .   a - +0 war axe
rCold   . . .      Faith    .   c - +0 buckler
rNeg    . . .      Spirit   .   b - +0 scale mail
rPois   .          Reflect  .   (no helmet)
rElec   .          Harm     .   (no cloak)
rCorr   .          Rampage  .   (no gloves)
Will    .....                   (no boots)
Stlth   ..........              (no amulet)
HPRegen 0.06/turn               (no ring)
MPRegen 0.07/turn               (no ring)

@: no status effects
A: no striking features
a: Renounce Religion, Receive Corpses


You were on level 1 of the Dungeon.
You worshipped Kikubaaqudgha.
Kikubaaqudgha was aware of your devotion.
You visited 1 branch of the dungeon, and saw 1 of its levels.

You collected 15 gold pieces.

Inventory:

Hand Weapons
 a - a +0 war axe (weapon)
Armour
 b - a +0 scale mail (worn)
 c - a +0 buckler (worn)
Scrolls
 e - a scroll of enchant weapon {unknown}
 g - 2 scrolls of immolation
Potions
 d - a potion of might
 f - a potion of flight {unknown}


   Skills:
 + Level 3.1 Fighting
 + Level 1.8 Axes
 + Level 2.8 Armour
 + Level 2.8 Shields


You couldn't memorise any spells.
You didn't know any spells.
Your spell library contained the following spells:

 Spells                   Type           Power      Damage    Failure   Level
 Animate Skeleton         Necr           0%         N/A       88%         1
 Corpse Rot               Necr/Air       0%         N/A       96%         2
 Sublimation of Blood     Necr           0%         N/A       96%         2
 Agony                    Necr           0%         N/A       100%        5


Dungeon Overview and Level Annotations

Branches:
Dungeon (1/15)

Altars:
Kikubaaqudgha


Message History

You closely miss the kobold. You block the kobold's attack.
You hit the kobold.
You kill the kobold!
The kobold hits you but does no damage.
You barely miss the kobold. The kobold hits you with a +0 dagger.
You barely miss the kobold. The kobold closely misses you.
The kobold barely misses you.
You hit the kobold but do no damage. You block the kobold's attack.
You closely miss the kobold.
The kobold hits you but does no damage. x2
You slash the kobold!
You kill the kobold!
Items here: ( )) †.
Found 15 gold pieces.
f - a silvery potion You now have 15 gold pieces.
You start resting.
HP restored.
g - a scroll labelled IDIJATW NOLAF
Found a weird runed staff.
A giant cockroach comes into view.
Found a scroll of immolation.
Found a faded altar of an unknown god.
The giant cockroach moves out of view.
Found 12 gold pieces.
The giant cockroach bites you.
You closely miss the giant cockroach.
The giant cockroach bites you but does no damage.
You hit the giant cockroach.
You kill the giant cockroach!
You see here a giant cockroach corpse.
An endoplasm comes into view.
The endoplasm quivers.
There is a faded altar of an unknown god here.
You see here a scroll of immolation.
g - 2 scrolls of immolation (gained 1)
You cannot tell which god this altar belongs to.
Convert to them anyway?
Kikubaaqudgha accepts your prayer! Kikubaaqudgha welcomes you!
You can now receive cadavers from Kikubaaqudgha.
Kikubaaqudgha grants you a gift!
You add the spells Animate Skeleton, Corpse Rot, Sublimation of Blood and Agony to your library.
Are you sure you want to abandon this character and quit the game? (Confirm with "yes".)

##.................
#.#######.........
#..............#..
#..#####.#...[....#
...##..#....#..##.
#.......#.†.#..#
#.........#.##.|.
....#.#......$..##
+.#..@...#...#
.#..#........#
.....#J.#.....#
#.... ........##
...#. ...####.#
.... ...#. .# ....
..... .######


You could see an endoplasm.

Vanquished Creatures
  A ball python (D:1)
  A giant cockroach (D:1)
  A hobgoblin (D:1)
  A frilled lizard (D:1)
  2 kobolds (D:1)
6 creatures vanquished.

Notes
Turn   | Place    | Note
-------+----------+-------------------------------------------
     0 | D:1      | Jortsu the Demonspawn Fighter began the quest for the Orb.
     0 | D:1      | Reached XP level 1. HP: 18/18 MP: 1/1
   212 | D:1      | Found a faded altar of an unknown god.
   223 | D:1      | Prayed at the altar of an unknown god.
   223 | D:1      | Became a worshipper of Kikubaaqudgha
   223 | D:1      | Reached * piety under Kikubaaqudgha
   223 | D:1      | Received a gift from Kikubaaqudgha
   224 | D:1      | Quit the game

Illustrated notes

Levels and vault maps discovered:
D:1:      dpeg_arrival_lava_altar, layout_loops_ring,
          hellmonk_ecumenical_altar_blasted

Action                   || total
-------------------------++-------
Melee: War axe           ||    18
Armor: Scale mail        ||     8
Dodge: Dodged            ||     4
Block: Buckler           ||     3

Table legend: (Time is in decaauts)
 A = Elapsed time spent in this place.
 B = Non-inter-level travel time spent in this place.
 C = Inter-level travel time spent in this place.
 D = Time resting spent in this place.
 E = Time spent auto-exploring this place.
 F = Levels seen in this place.
 G = Mean time per level.
                   A        B        C        D        E       F      G
               +--------+--------+--------+--------+--------+-----+--------+
         Total |    232 |    232 |      0 |    102 |     75 |   1 |  232.0 |
       Dungeon |    232 |    232 |      0 |    102 |     75 |   1 |  232.0 |
               +--------+--------+--------+--------+--------+-----+--------+

Top non-repeatable levels by time:
     D:1: 232 daAuts
